[Event "***Titled Tuesday 3|2 Blitz"]
[Site "Chess.com"]
[Date "2017.02.07"]
[Round "2"]
[White "coalescenet"]
[Black "yurisolo"]
[Result "1/2-1/2"]
[WhiteElo "2314"]
[BlackElo "2521"]
[TimeControl "180+2"]
[EndTime "13:28:18 PST"]
[Termination "Game drawn by stalemate"]

1. d4 d6 2. Nf3 g6 3. Bg5 Bg7 4. e3 f5 5. Nc3 Nf6 6. Bxf6 Bxf6 7. e4 e6 8. Qd2 O-O 9. h4 d5 10. exf5 exf5 11. O-O-O Nc6 12. Kb1 f4 13. Qxf4 Bxd4 14. Qd2 Bxc3 15. Qxc3 Be6 16. h5 Qf6 17. Qxf6 Rxf6 18.
Bb5 Rd8 19. hxg6 Rxg6 20. Bxc6 bxc6 21. Ne5 Rxg2 22. Nxc6 Rd6 23. Nd4 Bd7 24. Rhg1 Rdg6 25. Nf3 c6 26. Kc1 Bf5 27. Rxg2 Rxg2 28. Rg1 Rxg1+ 29.
Nxg1 Kf7 30. Ne2 Kf6 31. Kd2 h5 32. f3 h4 33. c3 h3 34. Ke3 c5 35. Kf4 Bd3 36.
Ng3 h2 37. Ke3 Bb1 38. a3 Kg5 39. Kf2 d4 40. cxd4 cxd4 41. Kg2 d3 42. Nf1 Kf4 43.
Kxh2 Ba2 44. Kg2 Bd5 45. Kf2 Bxf3 46. Nd2 Bd5 47. Nf1 Ke4 48. Nd2+ Kd4 49. Ke1 a5 50. Nf1 Bg2 51. Nd2 Bd5 52. Nb1 Ba2 53. Nd2 a4 54. Nf1 Kc4 55. Kd2 Bb1 56. Ne3+ Kb3 57. Nd1 Bc2 58. Nc3 Kc4 59. Ne4 Kb3 60. Nf2 Kxb2 61.
Nxd3+ Bxd3 62. Kxd3 Kxa3 63. Kc3 Ka2 64. Kc2 a3 65.
Kc1 Kb3 66. Kb1 a2+ 67. Ka1 Ka3 1/2-1/2

[Event "***Titled Tuesday 3|2 Blitz"]
[Site "Chess.com"]
[Date "2017.02.07"]
[Round "2"]
[White "Incognito_Knight"]
[Black "Divertissement"]
[Result "1/2-1/2"]
[WhiteElo "2275"]
[BlackElo "2433"]
[TimeControl "180+2"]
[EndTime "13:28:24 PST"]
[Termination "Game drawn by agreement"]

1. e4 c6 2. d4 d5 3. e5 c5 4. dxc5 e6 5. a3 Bxc5 6. b4 Bb6 7. Nf3 f6 8. Bb2 fxe5 9. Nxe5 Nf6 10.
Bd3 O-O 11. O-O Nbd7 12. Nd2 Nxe5 13. Bxe5 Bd7 14. h3 Rc8 15. Nf3 Qe8 16. Qe2 Qh5 17.
Rfe1 Ne4 18. Bd4 Ng5 19. Nxg5 Qxe2 20. Rxe2 Bxd4 21. Rb1 h6 22. Nxe6 Bxe6 23. Rxe6 Rxf2 24. Kh1 Bf6 25. Rbe1 Kf7 26. Rd6 Rc7 27. Rxd5 Re7 28. Rxe7+ Kxe7 29. Rc5 Kd6 30. Rc4 Rd2 31. Kg1 Rd1+ 32.
Kf2 Ra1 33. Be4 b6 34. Rc6+ Ke5 35. Bd3 Rxa3 36. b5 Kd4 37. Rc7 h5 38. Rd7+ Kc3 39. Kf3 h4 40. Ke4 Ra1 41. Kd5 Rg1 42. Rc7+ Kb4 43. Rc4+ Kxb5 44. Rxh4+ Ka5 45. Rg4 b5 46. Ke4 b4 47. Kf3 Kb6 48. Rxb4+ Kc7 49. Rg4 a5 50. Rc4+ Kb6 51. h4 Ra1 52. h5 a4 53. Rb4+ Kc5 54. Rb5+ Kd4 55. g4 a3 56. g5 Be5 57. h6 gxh6 58.
gxh6 Rh1 59. Ra5 Rxh6 60. Ra4+ Kd5 61. Rxa3 Rh3+ 62. Ke2 Rh2+ 63. Kf3 Rh3+ 64. Ke2 1/2-1/2

[Event "***Titled Tuesday 3|2 Blitz"]
[Site "Chess.com"]
[Date "2017.02.07"]
[Round "2"]
[White "AdrianaNikolova"]
[Black "jb2mix"]
[Result "0-1"]
[WhiteElo "2318"]
[BlackElo "2412"]
[TimeControl "180+2"]
[EndTime "13:28:24 PST"]
[Termination "jb2mix won by resignation"]

1. e4 e6 2. d4 d5 3. Nd2 h6 4. Ngf3 Nf6 5. Bd3 c5 6. c3 Nc6 7.
O-O cxd4 8. cxd4 dxe4 9. Nxe4 Be7 10. Qe2 Nb4 11. Bb5+ Bd7 12. Nxf6+ Bxf6 13. Ne5 Bxe5 14. dxe5 O-O 15. Bxd7 Qxd7 16. Qg4 Nc2 17. Bxh6 f5 18.
exf6 Rxf6 19. Rad1 Qf7 20. Bg5 Rg6 21. h4 e5 22. b3 Qe6 23. Qxe6+ Rxe6 24. Rd7 b5 25.
Rc1 Rc6 26. Re7 Rac8 27. Rxe5 a6 28. h5 Nb4 29. Rxc6 Rxc6 30. Re2 Rc5 31. f4 Nd3 32. g4 Nc1 33. Rd2 Rc3 34. Kf2 Nd3+ 35. Ke2 Nc5 36.
Rd8+ Kh7 37. Be7 Ne6 38. Bd6 Nxd8 39. g5 Rc2+ 40. Kd3 Rxa2 41. b4 Ne6 42. Ke4 Re2+ 43. Kd5 g6 44. hxg6+ Kxg6 45. Be5 Ng7 46. Kc6 Nh5 47.
Kb6 Re4 48. Ka5 Nxf4 49. Bd6 Nd5 50. Kxa6 Nxb4+ 51. Kxb5 Nd3 52. Kc6 Kxg5 53. Kd5 Kf5 54. Bh2 Nf4+ 55. Kc5 Kg4 56. Bg1 Re1 57. Bd4 Ne6+ 58.
Kd5 Nxd4 59. Kxd4 Kf3 60. Kd5 Kf4 0-1

[Event "***Titled Tuesday 3|2 Blitz"]
[Site "Chess.com"]
[Date "2017.02.07"]
[Round "2"]
[White "GMHess"]
[Black "1stSecond"]
[Result "1/2-1/2"]
[WhiteElo "2588"]
[BlackElo "2580"]
[TimeControl "180+2"]
[EndTime "13:28:27 PST"]
[Termination "Game drawn by agreement"]

1. d4 Nf6 2. c4 e6 3. Nc3 Bb4 4.
Qc2 O-O 5. a3 Bxc3+ 6. Qxc3 b6 7. Bf4 Bb7 8. Nf3 d6 9. e3 Nbd7 10. Bd3 Qe7 11. Bg3 Rfe8 12. O-O-O e5 13. dxe5 dxe5 14.
Bf5 g6 15. Bc2 Ne4 16. Qb4 Nec5 17. h4 h5 18. Ng5 Nf8 19. f3 f6 20. Nh3 a5 21. Qc3 Rad8 22. Nf2 Kg7 23. Rxd8 Rxd8 24. Rd1 Rxd1+ 25. Kxd1 Qd6+ 26. Ke2 Nfe6 27. b4 axb4 28. axb4 Na6 29. Nd3 Qe7 30. b5 Nac5 31. Nb4 Nd4+ 32. Kd2 Nxc2 33. Kxc2 Qd7 34. Nd3 Nxd3 35. Qxd3 Qxd3+ 36. Kxd3 Kf7 37. e4 Ke6 38. f4 Kd6 39. fxe5+ fxe5 40. Bf2 Bc8 41. Be3 Bd7 42. Kc3 Bg4 43. Kd3 Bd1 44. Bh6 Bb3 45. Bf8+ Kd7 46. Kc3 Ba2 47. Kd3 Bb1+ 48. Ke3 Bc2 49. g3 Ke6 50. Ba3 Bd1 51. Bf8 Bg4 52. Kd2 Bh3 53. Kd3 Bg2 54. Bh6 Bf1+ 55. Kc3 Kd7 56. Bf8 Be2 57. Bg7 Ke6 58.
Bf8 Bf3 59. Kd3 Bg2 60. Ba3 Bf1+ 61. Kc3 Kf6 62. Bc1 Be2 63. Bg5+ Ke6 64. Bd8 Kd7 65. Bf6 Kd6 66. Bg7 Bf3 67. Kd3 Bd1 68. Bf8+ Ke6 1/2-1/2

[Event "***Titled Tuesday 3|2 Blitz"]
[Site "Chess.com"]
[Date "2017.02.07"]
[Round "2"]
[White "Dale"]
[Black "hsskoo"]
[Result "1-0"]
[WhiteElo "1969"]
[BlackElo "1962"]
[TimeControl "180+2"]
[EndTime "13:28:29 PST"]
[Termination "Dale won on time"]

1. e4 e5 2. d4 exd4 3. Nf3 d6 4.
c3 d3 5. Bxd3 Nc6 6. c4 Nf6 7.
Nc3 Be7 8. h3 O-O 9. Be3 Re8 10.
O-O Bf8 11. Re1 h6 12. Qd2 Ne7 13. Rad1 Ng6 14. Bb1 Be6 15. b3 c6 16. Qb2 Qe7 17.
Nd4 Nh5 18. Nxe6 Qxe6 19. Qd2 Qf6 20. Bd4 Qh4 21. Qd3 Ngf4 22. Qf3 Qg5 23. Qg4 Qa5 24. Ne2 Nxe2+ 25. Rxe2 Qg5 26. Re3 Nf4 27. Rde1 Ne6 28.
Bc3 a5 29. Rg3 Qxg4 30. hxg4 a4 31. b4 b5 32. cxb5 cxb5 33. Bd3 Rab8 34. Rge3 Rec8 35.
Bd2 Nd4 36. Kf1 Nc2 37. Bxc2 Rxc2 38. R3e2 Rxa2 39. Bf4 Rxe2 40. Kxe2 Rc8 41. Kd3 Rc4 42. Rb1 d5 43. f3 dxe4+ 44. fxe4 Rxb4 45. Rc1 Rb3+ 46. Ke2 a3 47. Rc8 a2 48. Ra8 Ra3 49. Rxf8+ Kxf8 50. Bd6+ Ke8 51. Bxa3 a1=Q 52. Bc5 Qb2+ 53. Kf3 Qc3+ 54. Be3 b4 55. g5 b3 56. gxh6 gxh6 57.
e5 b2 58. e6 fxe6 59. g4 b1=Q 60. g5 Qf5+ 61. Kg2 1-0

[Event "***Titled Tuesday 3|2 Blitz"]
[Site "Chess.com"]
[Date "2017.02.07"]
[Round "2"]
[White "Astaneh"]
[Black "Iball95"]
[Result "1-0"]
[WhiteElo "2474"]
[BlackElo "2405"]
[TimeControl "180+2"]
[EndTime "13:28:31 PST"]
[Termination "Astaneh won by checkmate"]

1. e4 c5 2. Nf3 Nc6 3. Bb5 d6 4. O-O Bd7 5. Re1 Nf6 6. Nc3 e5 7. d3 Be7 8. Ne2 O-O 9. c3 Kh8 10.
a4 Nh5 11. d4 cxd4 12. cxd4 a6 13. Bd3 Nxd4 14. Nexd4 exd4 15. Nxd4 Nf6 16. b3 Re8 17. Bb2 Qb6 18. Bc4 Kg8 19. a5 Qc7 20. Qd2 Rad8 21.
Rac1 Qb8 22. h3 Bf8 23. Qf4 d5 24. Qxb8 Rxb8 25. exd5 Rxe1+ 26. Rxe1 Bb4 27. Ra1 Rd8 28. Nc2 Be7 29. Ne3 Kf8 30. Rd1 Bb4 31. Ra1 Ne4 32.
Ba3 Bxa3 33. Rxa3 Nd6 34. Kf1 Rc8 35. Ke2 Ke7 36. Kd3 Nb5 37. Ra1 Kd6 38. Re1 g6 39.
Ng4 Bf5+ 40. Kd2 Bxg4 41. hxg4 Nc7 42. Rh1 Rh8 43. Rh3 h6 44. Rf3 Ke7 45. d6+ Kxd6 46. Rxf7 h5 47. Rf6+ Ke5 48. Rxg6 hxg4 49. Rxg4 Ne8 50.
Rg8 Rxg8 51. Bxg8 Nf6 52. Bc4 Ne4+ 53. Ke3 Nd6 54. g4 Nc8 55. f4+ Kf6 56. Kd4 Ne7 57.
b4 Ng6 58. Ke4 Ne7 59. g5+ Kg6 60. Bd5 Nc8 61. Ke5 b6 62. Bb7 Ne7 63. axb6 Kf7 64. Bd5+ Ke8 65. b7 a5 66. b8=Q+ Kd7 67. b5 a4 68.
Be6# 1-0

[Event "***Titled Tuesday 3|2 Blitz"]
[Site "Chess.com"]
[Date "2017.02.07"]
[Round "2"]
[White "Jahonas"]
[Black "Saitama_Hero"]
[Result "0-1"]
[WhiteElo "2128"]
[BlackElo "2049"]
[TimeControl "180+2"]
[EndTime "13:28:33 PST"]
[Termination "Saitama_Hero won by resignation"]

1. d4 f5 2. Nf3 Nf6 3. c4 e6 4.
Nc3 d5 5. Bg5 c6 6. e3 Bd6 7.
Bd3 O-O 8. O-O Nbd7 9. c5 Bc7 10.
Bf4 Ne4 11. Bxc7 Qxc7 12. Nd2 Rf6 13. f4 Rh6 14. Nf3 b6 15. cxb6 axb6 16. Ne5 Nxe5 17.
fxe5 c5 18. Nxe4 fxe4 19. Bb5 Bd7 20. Bxd7 Qxd7 21. a3 Qe7 22. Qg4 cxd4 23. exd4 Rg6 24. Qf4 Rf8 25. Qxf8+ Qxf8 26. Rxf8+ Kxf8 27. Rc1 Rg4 28. Kf1 e3 29. Rd1 e2+ 30. Kxe2 Rxg2+ 31. Ke3 Rxb2 32.
Rc1 Rb3+ 33. Kd2 Rxa3 34. Rc8+ Kf7 35. Rc7+ Kg6 36. Rc6 Kf5 37. Rxb6 g5 38. Rb7 Ra2+ 39. Ke3 Rxh2 40. Rf7+ Kg4 41. Rf6 Rh3+ 42. Ke2 h5 43.
Rxe6 h4 44. Rf6 Ra3 45. e6 Ra8 46. e7 Re8 47. Re6 Kg3 48. Re5 g4 49. Kf1 h3 50.
Kg1 Kf3 51. Rf5+ Ke4 52. Rg5 Kf4 53. Rg7 g3 54. Rh7 Kf3 55. Rf7+ Ke4 56. Rh7 Kxd4 57. Rxh3 Rxe7 58. Rxg3 Re3 59. Rg5 Ke4 60. Kf2 d4 61. Rg8 Kd3 62. Rd8 Re6 63. Rd7 Kc3 64. Rc7+ Kd2 65.
Rc8 d3 66. Rc7 Kd1 67. Rc8 Re2+ 68. Kf1 Rc2 69. Rd8 d2 0-1

[Event "***Titled Tuesday 3|2 Blitz"]
[Site "Chess.com"]
[Date "2017.02.07"]
[Round "2"]
[White "destroyer305"]
[Black "Angry_Serb"]
[Result "0-1"]
[WhiteElo "2313"]
[BlackElo "2415"]
[TimeControl "180+2"]
[EndTime "13:28:51 PST"]
[Termination "Angry_Serb won on time"]

1. e4 e5 2. Nf3 d6 3. d4 exd4 4.
Nxd4 Nf6 5. Nc3 Be7 6. Bc4 O-O 7.
O-O c6 8. h3 b5 9. Bd3 Re8 10.
a3 Qc7 11. Bf4 Bf8 12. Nb3 Nbd7 13. Re1 Ne5 14. Bf1 a5 15. Bg3 Nc4 16. Bxc4 bxc4 17. Nd4 Qb6 18. Rb1 Bd7 19. Kh1 g6 20. Nf3 Nh5 21.
Bxd6 Qxf2 22. Bh2 Bxh3 23. gxh3 Ng3+ 24. Bxg3 Qxg3 25. Ng1 Bd6 26. Qe2 Re5 27. Qg2 Qf4 28. Rf1 Qh6 29. Nf3 Rh5 30. Ng1 Rg5 31. Qf3 Rf8 32.
Rbd1 Rg3 33. Qe2 Rxh3+ 34. Nxh3 Qxh3+ 35. Kg1 Bc5+ 36. Rf2 Qg3+ 37. Kf1 Qh3+ 38. Ke1 Qg3 39. Qf1 f5 40. Ne2 Qh4 41. e5 Re8 42. Qg2 Rxe5 43. Kf1 Bxf2 44. Qxf2 Qh1+ 45. Ng1 Re4 46. Re1 Rg4 47.
Qe3 Kg7 48. Qe5+ Kh6 49. Qe3+ f4 50. Qf2 g5 51. Re6+ Kh5 52. Re2 Rh4 53. Qg2 f3 54.
Qxf3+ Qxf3+ 55. Nxf3 Rf4 56. Kg2 g4 57. Nd2 Kg6 58. Re4 Kf5 59. Rxf4+ Kxf4 60. Nxc4 h5 61. Nd2 h4 62. b4 axb4 63. axb4 Ke3 64. c4 Kd4 0-1

[Event "***Titled Tuesday 3|2 Blitz"]
[Site "Chess.com"]
[Date "2017.02.07"]
[Round "2"]
[White "TheCount"]
[Black "Rikikits"]
[Result "1/2-1/2"]
[WhiteElo "2500"]
[BlackElo "2620"]
[TimeControl "180+2"]
[EndTime "13:28:57 PST"]
[Termination "Game drawn by stalemate"]

1. Nf3 Nf6 2. g3 g6 3. b3 Bg7 4.
Bb2 O-O 5. Bg2 d6 6. d4 Nc6 7. O-O e5 8. dxe5 Nd7 9. Nc3 dxe5 10.
Nd5 e4 11. Nd4 Re8 12. Nxc6 bxc6 13. Bxg7 Kxg7 14. Nc3 f5 15. Qd4+ Nf6 16. Rfd1 Qxd4 17. Rxd4 Be6 18. Rad1 Kf7 19. f3 c5 20. R4d2 exf3 21. Bxf3 Rab8 22. Na4 c4 23. Nc5 cxb3 24. axb3 Re7 25. Ra1 Rb5 26. Nxe6 Kxe6 27. Rxa7 g5 28. Bb7 Kf7 29. Bc8 Rbe5 30. Kf1 Ng4 31. h3 Ne3+ 32. Kf2 f4 33. gxf4 gxf4 34. Bg4 Kg6 35. Bf3 Kg5 36. Ra8 h5 37. Rg8+ Kh4 38. Rd4 Rf7 39. Re4 Rxe4 40. Bxe4 Kxh3 41. Bg6 Ng4+ 42. Kf1 Re7 43. Bxh5 Nf6 44.
Rh8 Kh4 45. Bf3+ Kg5 46. Kf2 Re5 47. Rc8 Rc5 48. c4 Nd7 49. Bd5 Nb6 50. b4 Nxc8 51.
bxc5 Kf5 52. Kf3 Ke5 53. Kg4 Ne7 54. Kf3 Nf5 55. c6 Ne3 56. Bg8 Nc2 57. Bd5 Nd4+ 58. Kf2 Nf5 59. Kf3 Ne3 60. Bg8 Kf5 61. Bd5 Ke5 62.
Bg8 Nf5 63. Bd5 Nh4+ 64. Kg4 Ng6 65. Kf3 Ne7 66. e3 fxe3 67. Kxe3 Nxd5+ 68. cxd5 Kxd5 69. Kd3 Kxc6 70. Kc4 Kd6 71. Kd4 Kd7 72. Kd5 Kc8 73. Kc6 Kb8 74. Kc5 Kb7 75. Kb5 c6+ 76. Kc5 Kc7 77. Kc4 Kb6 78. Kb4 Ka7 79. Kc5 Kb7 80. Kc4 Kb6 81. Kb4 c5+ 82. Kc4 Kc6 83.
Kc3 Kb5 84. Kb3 c4+ 85. Kc3 Kc5 86. Kc2 Kb4 87. Kb2 c3+ 88. Kc2 Kc4 89. Kc1 Kd3 90.
Kd1 Kd4 91. Kc2 Kc4 92. Kc1 Kb3 93. Kb1 Kb4 94. Kc2 Kc4 95. Kc1 Kb3 96. Kb1 c2+ 97.
Kc1 Kc3 1/2-1/2

[Event "***Titled Tuesday 3|2 Blitz"]
[Site "Chess.com"]
[Date "2017.02.07"]
[Round "2"]
[White "SCIM"]
[Black "nOcHeaTiNgKiD"]
[Result "0-1"]
[WhiteElo "2259"]
[BlackElo "2205"]
[TimeControl "180+2"]
[EndTime "13:28:58 PST"]
[Termination "nOcHeaTiNgKiD won by checkmate"]

1. d4 Nf6 2. c4 g6 3. Nc3 Bg7 4. e4 d6 5. f3 O-O 6. Be3 e5 7. d5 Nh5 8. Bd3 Qh4+ 9. Bf2 Qg5 10.
g3 Qe7 11. Nge2 a5 12. Qd2 a4 13. O-O Bh3 14. Rfc1 Nd7 15. Kh1 Nc5 16. Ng1 Bd7 17.
Rab1 f5 18. exf5 gxf5 19. Re1 Qf6 20. Bf1 Bh6 21. Qd1 Ng7 22. f4 e4 23. Bd4 Qg6 24.
Be2 Rae8 25. Be3 b6 26. Nh3 Qf7 27. Nf2 Re7 28. Rg1 Kh8 29. Qd4 Qf6 30. Qxf6 Rxf6 31. Rbf1 Ne8 32. Bd4 Bg7 33. Bxf6 Bxf6 34. g4 a3 35. Rb1 axb2 36. Nfd1 Bd4 37. Rg2 Nd3 38. gxf5 Nxf4 39. Rg3 Bxf5 40. Rxb2 Nf6 41. Rd2 Be5 42.
Rg5 Bh3 43. Rg3 Bf5 44. Rg5 Bh3 45. Nb5 h6 46. Rg3 Bf5 47. Ne3 Bc8 48. Rg1 Nh3 49.
Rf1 Bf4 50. Na7 Bd7 51. Nc6 Bxc6 52. dxc6 Bxe3 53. Rb2 Bd4 54. Rb3 Nf2+ 55. Kg2 N2g4 56. Bxg4 Nxg4 57. Rf4 Ne3+ 58. Kh3 Nxc4 59. Rb4 d5 60.
Ra4 Bg7 61. Ra8+ Kh7 62. Rd8 e3 63. Rd7 Re5 64. Rg4 Rg5 65. Rxg5 hxg5 66. Rxc7 e2 67. Re7 Ne5 68. c7 e1=Q 69. c8=Q Qe3+ 70. Kg2 Qf3+ 71. Kg1 Qe3+ 72. Kg2 Qe2+ 73. Kg3 Qf3# 0-1

[Event "***Titled Tuesday 3|2 Blitz"]
[Site "Chess.com"]
[Date "2017.02.07"]
[Round "2"]
[White "DanielNaroditsky"]
[Black "Jospem"]
[Result "1-0"]
[WhiteElo "2723"]
[BlackElo "2512"]
[TimeControl "180+2"]
[EndTime "13:29:07 PST"]
[Termination "DanielNaroditsky won by resignation"]

1. e4 c5 2. Nf3 d6 3. d4 cxd4 4.
Nxd4 Nf6 5. Nc3 a6 6. Nb3 e6 7. g4 Be7 8. g5 Nfd7 9. h4 b5 10. Bg2 Bb7 11. f4 Nc6 12. Be3 Rc8 13. f5 Nde5 14. O-O Nc4 15. Bc1 N6e5 16. Ne2 exf5 17.
exf5 Bxg2 18. Kxg2 Qd7 19. Qd5 O-O 20. Ned4 Nb6 21.
Qe4 Rfe8 22. Bf4 Bf8 23. Qe1 Qb7+ 24. Kh3 Nd5 25. Qg3 Nxf4+ 26. Rxf4 d5 27. Re1 Qd7 28. Rf2 Nc4 29. Rfe2 Rxe2 30. Rxe2 a5 31. c3 a4 32.
Nc1 Bc5 33. Qf4 Bxd4 34. cxd4 Nd6 35. Re5 Nc4 36. Re2 Nd6 37. Re5 Nc4 38. Re2 Nd6 39. Nd3 Qxf5+ 40. Qxf5 Nxf5 41. Re5 Nxd4 42. Rxd5 Ne6 43.
Rxb5 h6 44. gxh6 gxh6 45. Rb4 a3 46. bxa3 Rc3 47. Rb3 Rc2 48. Nb4 Rc5 49. Nd3 Ra5 50. Rc3 Kg7 51. Nb2 Nf4+ 52. Kg4 Nd5 53. Rd3 Nf6+ 54.
Kf3 Kg6 55. Nc4 Ra4 56. Rd4 Kg7 57. Ke3 h5 58. Kd3 Ng4 59. Kc3 f5 60. Kb3 Ra7 61.
a4 Nf6 62. a5 Ne4 63. Rd5 Kf6 64. Kb4 f4 65. Kb5 Nc3+ 66. Kb6 Ra8 67. Kb7 Nxd5 68. Kxa8 f3 69. Nd2 f2 70. a6 Ke5 71. Kb7 Kd4 72. a7 Kd3 73. Nf1 Ke2 74. Nh2 1-0

[Event "***Titled Tuesday 3|2 Blitz"]
[Site "Chess.com"]
[Date "2017.02.07"]
[Round "2"]
[White "Bad4life"]
[Black "Kacparov"]
[Result "1/2-1/2"]
[WhiteElo "2306"]
[BlackElo "2576"]
[TimeControl "180+2"]
[EndTime "13:29:09 PST"]
[Termination "Game drawn by repetition"]

1. e4 c5 2. Nf3 e6 3. b3 Nc6 4.
Bb2 d6 5. c4 Nf6 6. e5 dxe5 7.
Nxe5 Nxe5 8. Bxe5 Bd6 9. Bb2 e5 10. Be2 O-O 11. d3 Bf5 12. O-O Re8 13. Bf3 Qd7 14. Nc3 Rad8 15. Qe2 Bf8 16. Ne4 Nxe4 17. dxe4 Bg6 18. Rad1 Qc7 19. Rd5 f6 20. Rfd1 Bf7 21.
Bh5 g6 22. Rxd8 Rxd8 23. Bg4 Bh6 24. g3 Kg7 25. Kg2 Qa5 26. h4 Rxd1 27. Qxd1 Qxa2 28. Qd7 Qa6 29. h5 Kg8 30. Qd8+ Bf8 31. Bc1 Qd6 32. Qc8 Qc6 33. Qxc6 bxc6 34. hxg6 Bxg6 35. f3 Be8 36. Be6+ Kg7 37. Bd2 Bd6 38. Ba5 Kf8 39. Bd8 Be7 40. Bc7 Bf7 41. Bd7 Bg6 42. Bxc6 Kf7 43.
Bd5+ Ke8 44. Bc6+ Kf8 45. Bb8 a6 46. Bb7 a5 47. Bc7 f5 48. Bxa5 fxe4 49. Bxe4 Be8 50. Bxh7 Bd6 51. Be4 Kg7 52. Kf2 Bd7 53. Ke3 Be6 54.
Bb6 Kf6 55. g4 Kg7 56. Bd8 Kf7 57. Bb6 Bd7 58. Bd5+ Kg7 59. Ke4 Be8 60. Be6 Bc6+ 61. Bd5 Be8 62. Ke3 Bg6 63. Bd8 Bc2 64. Bg5 Bxb3 65. f4 exf4+ 66. Bxf4 Be7 67. Ke4 Bc2+ 68. Ke5 Bf6+ 69. Kd6 Bd1 70. Be6 Bd4 71. Be5+ Kg6 72. Bf4 Be2 73. Bf5+ Kf6 74. Be6 Kg6 75. Kd5 Bf3+ 76.
Kd6 Be2 1/2-1/2

[Event "***Titled Tuesday 3|2 Blitz"]
[Site "Chess.com"]
[Date "2017.02.07"]
[Round "2"]
[White "Feegus"]
[Black "Rickstereo"]
[Result "1-0"]
[WhiteElo "2363"]
[BlackElo "2213"]
[TimeControl "180+2"]
[EndTime "13:29:11 PST"]
[Termination "Feegus won by resignation"]

1. d4 Nf6 2. Bf4 Nc6 3. e3 d6 4. h3 g6 5. c3 Bg7 6. Nf3 O-O 7.
Be2 Re8 8. Bh2 Bf5 9. Nbd2 e5 10. O-O e4 11. Ne1 h6 12. b4 Nh7 13. a4 g5 14. b5 Ne7 15. c4 Bg6 16. Rc1 f5 17.
Nc2 Rf8 18. f4 exf3 19. Bxf3 c6 20. bxc6 bxc6 21. Nb4 Rc8 22. Nb3 a5 23. Nd3 Nf6 24.
c5 d5 25. Ne5 Bh7 26. Qd2 Ne4 27. Bxe4 dxe4 28. Nxa5 f4 29. exf4 gxf4 30. Bxf4 Rxf4 31. Rxf4 Bxe5 32. Rg4+ Kh8 33. Rd1 Bg7 34. Nb7 Qd5 35. Nd6 Rf8 36. a5 Nf5 37. Nxf5 Bxf5 38. Rf4 Re8 39. Qe3 Bg6 40. Kh1 Ra8 41. Qc3 Kh7 42. Qa1 Bh5 43. Re1 Bg6 44. Rd1 e3 45. Qc3 e2 46.
Re1 Re8 47. a6 Qd7 48. Qf3 Bxd4 49. Rxe2 Rxe2 50. Qxe2 Bxc5 51. Rf1 Qd4 52. Rd1 Qg7 53. Qe6 Bd4 54. Qxc6 Bf5 55. Qf3 Qe5 56. Rxd4 Qxd4 57. Qxf5+ Kh8 58. Qf8+ Kh7 59. Qe7+ Kh8 60. Qe8+ Kh7 61.
Qe7+ Kh8 62. a7 Qd1+ 63. Kh2 1-0

[Event "***Titled Tuesday 3|2 Blitz"]
[Site "Chess.com"]
[Date "2017.02.07"]
[Round "2"]
[White "Elshan1985"]
[Black "Cruel_Yaro"]
[Result "1/2-1/2"]
[WhiteElo "2492"]
[BlackElo "2601"]
[TimeControl "180+2"]
[EndTime "13:29:20 PST"]
[Termination "Game drawn by stalemate"]

1. d4 Nf6 2. Nf3 g6 3. g3 Bg7 4.
Bg2 O-O 5. O-O d5 6. a4 c5 7. dxc5 Ne4 8. Nc3 Nxc3 9. bxc3 Bxc3 10. Rb1 Nc6 11. Bh6 Re8 12. Qd3 Bf6 13. Rfd1 e6 14. e4 d4 15. e5 Nxe5 16. Nxe5 Bxe5 17. c3 Rb8 18. cxd4 Bc7 19. Qc4 Qe7 20. h4 b6 21.
Bg5 f6 22. Be3 Kg7 23. Re1 Bd7 24. c6 Bc8 25. Rbd1 a6 26. Qc1 b5 27. d5 e5 28.
Ba7 Ra8 29. Bc5 Bd6 30. Bxd6 Qxd6 31. h5 gxh5 32. axb5 axb5 33. Qb2 b4 34. Re4 Rb8 35. Bf3 Bf5 36. Re3 Bg6 37. Ra1 Re7 38. Bg2 e4 39.
Rae1 Qxd5 40. Rc1 Rc7 41. Qe2 Rxc6 42. Rd1 Qc4 43. Qe1 Re8 44. Rd7+ Kh6 45. Rb7 Qc1 46. Rxb4 Qxe1+ 47. Rxe1 f5 48. f3 Rce6 49. Kf2 R6e7 50. Re3 Kg5 51. Rb5 Kf6 52. Rb6+ Re6 53. Rb5 Re5 54.
Rb6+ R8e6 55. Rb8 Re8 56. Rb6+ R5e6 57. Rb5 Ra8 58. Rb2 Ra4 59. Bh3 Re7 60. Rb6+ Kg7 61. Rb2 Ra1 62. Rbe2 Ra4 63. Bg2 Rb4 64. Rc3 Rb6 65.
Rc5 Kf6 66. Bh3 e3+ 67. Kg2 h4 68. Rc3 hxg3 69. Kxg3 Rb4 70. f4 Rbe4 71. Bg2 R4e6 72. Bf3 h5 73. Rc1 Rd6 74. Rce1 Rde6 75. Rh2 Rh7 76.
Rhe2 Rhe7 77. Rh2 Rd6 78. Bxh5 Bxh5 79. Rxh5 Kg6 80. Rh2 Rd3 81. Rhe2 Rc3 82. Kf3 Rb3 83. Rxe3 Rbxe3+ 84. Rxe3 Rxe3+ 85. Kxe3 Kh5 86. Kf3 Kh4 87. Ke3 Kg4 88. Ke2 Kxf4 89. Kf2 Ke4 90. Ke2 f4 91. Kf2 f3 92. Kf1 Kf4 93. Kf2 Kg4 94. Kf1 Kg3 95.
Kg1 f2+ 96. Kf1 Kf3 1/2-1/2

[Event "***Titled Tuesday 3|2 Blitz"]
[Site "Chess.com"]
[Date "2017.02.07"]
[Round "2"]
[White "wonderfultime"]
[Black "GM_dmitrij"]
[Result "1/2-1/2"]
[WhiteElo "2646"]
[BlackElo "2472"]
[TimeControl "180+2"]
[EndTime "13:29:30 PST"]
[Termination "Game drawn - insufficient material"]

1. d4 Nf6 2. c4 g6 3. Nc3 Bg7 4. e4 d6 5. f3 O-O 6. Be3 c5 7. Nge2 Nc6 8. d5 Ne5 9. Ng3 h5 10. Be2 h4 11. Nf1 e6 12. Nd2 exd5 13. cxd5 a6 14. a4 Bd7 15. a5 Bb5 16. O-O c4 17. f4 Nd3 18. Bxd3 cxd3 19. Qf3 Bd7 20. Bb6 Qe7 21.
h3 Nh5 22. Qxd3 f5 23. Rae1 fxe4 24. Qxe4 Qf7 25. Qe7 Ng3 26. Qxf7+ Rxf7 27. Rf3 Raf8 28. Bc7 Nf5 29. Nde4 Re8 30. Ref1 Rc8 31. Bxd6 Bd4+ 32. Kh2 Bxc3 33. Rxc3 Re8 34. Be5 Ng3 35. Re1 Nxe4 36. Rxe4 Bf5 37. Ree3 Rd7 38. d6 Kf7 39. Rc7 Rd8 40. Rb3 Be4 41. g3 hxg3+ 42. Kxg3 Ke6 43. Rbc3 Bc6 44. b4 g5 45. Re3 gxf4+ 46. Bxf4+ Kf6 47.
Rxd7 Rxd7 48. h4 Rg7+ 49. Bg5+ Kf5 50. Re7 Rg6 51. d7 Rd6 52. Rf7+ Ke6 53. Re7+ Kf5 54. Rf7+ Ke6 55. d8=Q Rxd8 56. Rf6+ Ke5 57. Rf4 Rd3+ 58. Kg4 Bd7+ 59. Kh5 Rd6 60. Rf1 Be8+ 61. Kg4 Bd7+ 62. Kg3 Rd3+ 63. Kf2 Bc6 64. Re1+ Kf5 65. Rf1 Rf3+ 66. Ke2 Rxf1 67. Kxf1 Kg4 68. Kf2 Kh5 69. Ke3 Bd5 70. Kd4 Bh1 71. Bd8 Bg2 72. Kc5 Bh1 73. Kb6 Bg2 74. Kc5 Bh1 75. Kb6 Bg2 76. Be7 Bh1 77. Bg5 Bg2 78. Bd8 Bh1 79. Bg5 Bg2 80.
Kc7 Bh1 81. Kb6 Bg2 82. Kc5 Bh1 83. Kb6 Bg2 84. b5 axb5 85. Kxb5 Bh1 86. Kb6 Bg2 87. a6 bxa6 88. Kxa6 Bh1 89. Bc1 Kxh4 90. Bg5+ Kxg5 1/2-1/2

[Event "***Titled Tuesday 3|2 Blitz"]
[Site "Chess.com"]
[Date "2017.02.07"]
[Round "2"]
[White "Rumpel-VK"]
[Black "kikydu96"]
[Result "0-1"]
[WhiteElo "2440"]
[BlackElo "2351"]
[TimeControl "180+2"]
[EndTime "13:29:51 PST"]
[Termination "kikydu96 won on time"]

1. d4 d5 2. c4 c6 3. e3 Nf6 4.
Nc3 a6 5. Nf3 Bf5 6. Nh4 Bc8 7.
Nf3 Bf5 8. Nh4 Bc8 9. Be2 e6 10. O-O Be7 11. Nf3 O-O 12. b3 b5 13. Bb2 Nbd7 14. Rc1 Bb7 15. h3 Rc8 16. Bd3 bxc4 17. bxc4 dxc4 18. Bxc4 c5 19. Be2 cxd4 20. Nxd4 Nb6 21.
Qb3 Nfd5 22. Rfd1 Nxc3 23. Bxc3 Bd5 24. Qb1 Na4 25. Be1 Ba3 26. Rxc8 Qxc8 27. Bd3 h6 28. e4 Bc4 29. Bxc4 Qxc4 30. Qb3 Qxb3 31. axb3 Nc5 32.
f3 Rb8 33. Bf2 Rb7 34. Ra1 Bb2 35. Ra5 Bxd4 36. Bxd4 Nxb3 37. Ra4 Nxd4 38. Rxd4 a5 39. Ra4 Ra7 40. Kf2 Kf8 41. Ke3 Ke7 42. e5 Kd7 43.
Kd4 Kc6 44. Kc4 Kb6 45. Kb3 Kb5 46. Rg4 g6 47. Rh4 h5 48. Rf4 Rd7 49. g4 hxg4 50.
hxg4 g5 51. Rf6 a4+ 52. Ka3 Ra7 53. f4 gxf4 54. Rxf4 Kc5 55. Rf1 Kd4 56. Re1 Ra5 57. g5 Rxe5 58. Rf1 Rf5 59. Rg1 e5 60. Kxa4 e4 61.
Kb3 Kd3 62. Rd1+ Ke2 63. Rd7 e3 64. Kc3 Ke1 65. Kd3 e2 66. Re7 Rf3+ 67. Ke4 Rf2 68. Kd3 Kf1 69. g6 fxg6 70. Rh7 Rf3+ 71. Ke4 e1=Q+ 72. Kxf3 Qf2+ 73. Kg4 Qg2+ 74. Kf4 Kf2 75. Rd7 Qg3+ 76. Ke4 Qe3+ 77. Kd5 Qd3+ 78. Ke6 Qxd7+ 79. Kxd7 g5 0-1

[Event "***Titled Tuesday 3|2 Blitz"]
[Site "Chess.com"]
[Date "2017.02.07"]
[Round "2"]
[White "popov_m"]
[Black "GianmarcoVaR"]
[Result "1-0"]
[WhiteElo "2342"]
[BlackElo "2388"]
[TimeControl "180+2"]
[EndTime "13:30:10 PST"]
[Termination "popov_m won on time"]

1. d4 Nf6 2. Bf4 c5 3. e3 Qb6 4.
Nc3 Qxb2 5. Nb5 Na6 6. Rb1 Qxa2 7.
Ra1 Qb2 8. Rb1 Qa2 9. Ra1 Qb2 10. Rb1 Qa2 11. Ra1 Qb2 12. Rxa6 bxa6 13. Nc7+ Kd8 14. Nxa8 Nd5 15. Ne2 Bb7 16. Nc7 Nxf4 17. Nxf4 Kxc7 18. Bd3 Bxg2 19. Nxg2 c4 20. Be2 d5 21. O-O e6 22. Qa1 Qxa1 23. Rxa1 Kb6 24. Rb1+ Kc7 25. c3 a5 26. Bd1 a6 27. Ba4 Bd6 28. Nf4 Rg8 29. Ne2 Rf8 30. Kg2 Ra8 31.
f4 Rf8 32. Kf3 Rg8 33. Ng3 g6 34. e4 f5 35. e5 Be7 36. Ne2 h6 37. Kg3 g5 38.
Kf3 g4+ 39. Kg2 h5 40. Bc2 h4 41. Ba4 Ba3 42. Bc2 Bf8 43. Ra1 Kb6 44. Ba4 Bh6 45. Bd7 Rg6 46. Be8 Rg7 47. Rb1+ Kc7 48. Ba4 Rg8 49. Bc2 Ra8 50. h3 Rg8 51. hxg4 fxg4 52.
f5 exf5 53. Bxf5 Bd2 54. Be6 h3+ 55. Kg3 Rg6 56. Bxg4 h2 57. Rh1 a4 58. Rxh2 a3 59.
Rh1 Rb6 60. Ra1 Rb2 61. Rxa3 Be1+ 62. Kf3 Kb6 63. Ra1 Bd2 64. e6 Bg5 65. Nf4 Rc2 66. Nxd5+ Kc6 67. Ke4 Bh4 68. Rxa6+ Kb5 69. Rb6+ Ka5 70.
Rb1 Rf2 71. e7 Bxe7 72. Nxe7 Ka4 73. Kd5 Ka3 74. Kxc4 Ka2 75. Rb7 Rg2 76. Be6 Ka1 77.
d5 Rg3 78. d6 Rxc3+ 79. Kd4 Rd3+ 80. Ke5 Re3+ 81. Kf6 Rf3+ 82. Nf5 1-0